 Dungeon Crawl Stone Soup version 0.26-a0-188-ga22346179c (webtiles) character file.

Game seed: 4599593643045996950

353 BritishOli the Slasher (level 6, 0/47 HPs)
             Began as a Demonspawn Gladiator on July 4, 2020.
             Killed by nerve-wracking pain
             ... invoked by Menkaure
              (5 damage)
             ... on level 4 of the Dungeon.
             The game lasted 00:03:41 (2834 turns).

BritishOli the Slasher (Demonspawn Gladiator)       Turns: 2834, Time: 00:03:42

Health: 0/47       AC: 16    Str: 17    XL:     6   Next: 35%
Magic:  0/6        EV:  6    Int:  9    God:
Gold:   134        SH:  0    Dex: 14    Spells: 5/5 levels left

rFire    + . .     SeeInvis .   a - +0 long sword
rCold    . . .     Faith    .   (no shield)
rNeg     . . .     Spirit   +   w - +0 plate armour
rPois    .         Reflect  .   (helmet restricted)
rElec    .         Harm     .   (no cloak)
rCorr    .                      (no gloves)
MR       .....                  o - +1 pair of boots
Stlth    ..........             i - amulet of guardian spirit
HPRegen  0.15/turn              (no ring)
MPRegen  0.10/turn              (no ring)

@: no status effects
A: horns 1, slimy green scales 2, fire resistance 1
a: no special abilities


You were on level 4 of the Dungeon.
You were not hungry.

You visited 1 branch of the dungeon, and saw 4 of its levels.

You collected 134 gold pieces.

Inventory:

Hand Weapons
 a - a +0 long sword (weapon)
Missiles
 d - 2 throwing nets (quivered)
Armour
 o - a +1 pair of boots (worn)
 w - a +0 plate armour (worn)
Jewellery
 i - an amulet of guardian spirit (around neck)
 q - an uncursed ring of wizardry
Scrolls
 e - 3 scrolls of enchant weapon {unknown}
 h - a scroll of remove curse {unknown}
 l - 2 scrolls of identify {unknown}
 m - a scroll of blinking {unknown}
 n - 2 scrolls of fog {unknown}
 s - 2 scrolls of noise {unknown}
 t - a scroll of random uselessness {unknown}
Potions
 g - a potion of mutation {unknown}
 j - 2 potions of haste {unknown}
 k - 2 potions of curing {unknown}
 p - a potion of lignification {unknown}
 r - a potion of resistance {unknown}
 u - a potion of heal wounds {unknown}
Comestibles
 f - 2 rations


   Skills:
 + Level 3.4 Fighting
 * Level 4.5 Long Blades
 - Level 2.0 Throwing
 + Level 2.3 Armour
 + Level 3.8 Dodging


You had 5 spell levels left.
You didn't know any spells.
Your spell library contained the following spells:

 Spells                   Type           Power        Failure   Level  Hunger
 Confusing Touch          Hex            #.......     100%        3    ####...
 Gell's Gravitas          Tloc           #.........   100%        3    ####...
 Petrify                  Tmut/Erth      #.......     100%        4    #####..
 Metabolic Englaciation   Hex/Ice        #.........   100%        5    ######.
 Yara's Violent Unravell  Hex/Tmut       #.........   100%        5    ######.


Dungeon Overview and Level Annotations

Branches:
Dungeon (4/15)
 Temple: D:4-7

Altars:
Ashenzari

Annotations:
D:4 Menkaure


Innate Abilities, Weirdness & Mutations

You have a pair of small horns on your head.
You are mostly covered in slimy green scales. (AC +3)
Your flesh is heat resistant. (rF+)


Message History

Something hits you but does no damage. x2; Menkaure hits you.
The orc hits you but does no damage.
You hit Menkaure but do no damage.
Menkaure is moderately damaged.
Something hits you but does no damage. x2
Menkaure mumbles some strange words.
Menkaure seems to speed up.
The orc completely misses you.
You slash Menkaure! Your headbutt misses Menkaure.
Menkaure is almost destroyed.
You hear some strange, mumbled words.
A puff of frost appears from out of thin air!
The puff of frost hits you!
* * * LOW HITPOINT WARNING * * *
Menkaure gestures at you while chanting.
Pain shoots through your body!
* * * LOW HITPOINT WARNING * * *
The orc barely misses you. Something hits you but does no damage.
Menkaure points at you and mumbles some strange words.
Pain shoots through your body!
You die...

.. ##.## .#
#..###...###.
....#.......
#..........###
#...(........# .
#..!......#.#..#
.........#....#
#.oM{...#
#.#@###...# ###
.## #


You could see Menkaure (fast) and an orc.

Vanquished Creatures
  Sigmund (D:3)
  A jelly (D:3)
  Jessica (D:2)
  A worker ant (D:3)
  An orc wizard (D:3)
  3 adders
  A white imp (D:3)
  An ooze (D:1)
  3 worms
  2 dart slugs
  5 leopard geckos
  3 orcs
  2 giant cockroaches
  2 goblins
  3 hobgoblins
  4 jackals (D:3)
  A quokka (D:2)
  5 bats
  A frilled lizard (D:2)
  2 kobolds (D:1)
  7 rats
50 creatures vanquished.

Notes
Turn   | Place    | Note
-------+----------+-------------------------------------------
     0 | D:1      | BritishOli the Demonspawn Gladiator began the quest for the
                  | Orb.
     0 | D:1      | Reached XP level 1. HP: 16/16 MP: 1/1
   328 | D:1      | Gained mutation: Your flesh is heat resistant. (rF+)
                  | [demonic ancestry]
   328 | D:1      | Reached XP level 2. HP: 15/22 MP: 2/2
   682 | D:1      | Reached skill level 3 in Long Blades
   895 | D:2      | Gained mutation: You are partially covered in slimy green
                  | scales. (AC +2) [demonic ancestry]
   895 | D:2      | Reached XP level 3. HP: 21/28 MP: 3/3
  1179 | D:2      | Reached skill level 1 in Armour
  1420 | D:2      | Noticed Jessica
  1425 | D:2      | Killed Jessica
  1425 | D:2      | Gained mutation: You have a pair of small horns on your
                  | head. [demonic ancestry]
  1425 | D:2      | Reached XP level 4. HP: 34/34 MP: 4/4
  1722 | D:3      | Noticed Sigmund
  1887 | D:3      | Found a shattered altar of Ashenzari.
  1930 | D:3      | Killed Sigmund
  1930 | D:3      | Reached skill level 4 in Long Blades
  1930 | D:3      | Reached XP level 5. HP: 3/41 MP: 1/5
  1930 | D:3      | Gained mutation: You are mostly covered in slimy green
                  | scales. (AC +3) [demonic ancestry]
  1930 | D:3      | Reached XP level 6. HP: 4/47 MP: 1/6
  2653 | D:4      | Noticed Menkaure
  2834 | D:4      | Killed from afar by Menkaure

Illustrated notes

Levels and vault maps discovered:
D:1:      lemuel_arrival_behind_the_door_large, layout_loops_ring,
          serial_bayou_lake_a
D:2:      layout_loops_ring, uniq_jessica
D:3:      layout_rooms, evilmike_ruin_ashenzari, uniq_sigmund
D:4:      layout_loops_ring, serial_shops, shop, uniq_menkaure

Skill      XL: |  1  2  3  4 |
---------------+-------------+-----
Throwing       | 2 |  2.0
Long Blades    | 3 4 |  4.5
Dodging        | 3 |  3.8
Armour         | 1 2 |  2.3
Fighting       | 3 |  3.4

Action                   |  1- 3 |  4- 6 || total
-------------------------+-------+-------++-------
Melee: Long sword        |    75 |    74 ||   149
       Headbutt          |       |    15 ||    15
Throw: Throwing net      |       |     1 ||     1
  Eat: Chunk             |     2 |     4 ||     6
Armor: Leather armour    |    28 |    11 ||    39
       Plate armour      |       |    76 ||    76
Dodge: Dodged            |    49 |    49 ||    98
       Rpst.: Long sword |    25 |    12 ||    37

Table legend:
 A = Non-vault XP
 B = Vault XP
 C = Vault XP percentage of total XP
 D = Non-vault monster count
 E = Vault monster count
 F = Vault count percentage of total count
                 A         B        C        D         E       F
            +---------+---------+-------+---------+---------+-------
      Total |     248 |     257 |  50.9 |      48 |       2 |   4.0
            +---------+---------+-------+---------+---------+-------
        D:1 |      31 |       0 |   0.0 |      14 |       0 |   0.0
        D:2 |      61 |      37 |  37.8 |      16 |       1 |   5.9
        D:3 |     150 |     220 |  59.5 |      16 |       1 |   5.9
        D:4 |       6 |       0 |   0.0 |       2 |       0 |   0.0
            +---------+---------+-------+---------+---------+-------
